 Dungeon Crawl Stone Soup version 0.32-a0-616-g9348d4545b (webtiles) character file.

Game seed: 3243802574090510322

125 dialectric the Sneak (level 5, -2/39 HPs)
             Began as a Coglin Brigand on Mar 5, 2024.
             Slain by Crazy Yiuf
             ... wielding a +4 quarterstaff of chaos
              (5 damage)
             ... on level 2 of the Dungeon.
             The game lasted 00:02:41 (1414 turns).

dialectric the Sneak (Coglin Brigand)               Turns: 1414, Time: 00:02:42

Health: -2/39      AC:  3    Str: 12    XL:     5   Next: 9%
Magic:  5/5        EV: 13    Int: 10    God:
Gold:   100        SH:  0    Dex: 17    Spells: 4/4 levels left

rFire   . . .        a - +2 dagger {Yvonne}
rCold   . . .        f - +0 dagger {Ashmeen}
rNeg    . . .        b - +0 robe
rPois   .            (no helmet)
rElec   .            c - +0 cloak
rCorr   .            (no gloves)
SInv    .            (no boots)
Will    .....        (amulet unavailable)
Stlth   +++          (ring unavailable)
HPRegen 0.26/turn    (ring unavailable)
MPRegen 0.09/turn    (no gizmo)

%: no passive effects
@: revved
A: off-hand wielding, slow wielding, warmup strikes, no jewellery
a: Invent Gizmo


You were on level 2 of the Dungeon.
You visited 1 branch of the dungeon, and saw 3 of its levels.

You collected 100 gold pieces.

Inventory:

Hand Weapons
 a - a +2 dagger (weapon) {Yvonne}
 f - a +0 dagger (offhand) {Ashmeen}
Missiles
 d - 9 poisoned darts
Armour
 b - a +0 robe (worn)
 c - a +0 cloak (worn)
Wands
 o - a wand of quicksilver (9)
Scrolls
 g - a scroll of enchant weapon {unknown}
 l - 2 scrolls of identify {unknown}
 m - a scroll of poison {unknown}
 n - a scroll of amnesia {unknown}
Potions
 h - a potion of brilliance {unknown}
 i - a potion of degeneration {unknown}
 j - a potion of magic {unknown}
 k - a potion of might {unknown}
 p - a potion of berserk rage {unknown}


   Skills:
 + Level 2.6 Fighting
 + Level 2.3 Short Blades
 - Level 2.0 Throwing
 * Level 2.5 Dodging
 - Level 4.0 Stealth


You had 4 spell levels left.
You didn't know any spells.
Your spell library contained the following spells:

 Spells                   Type           Power      Damage    Failure   Level
 Mercury Vapours          Alch/Air       0%         N/A       50%         2
 Mephitic Cloud           Conj/Alch/Air  0%         N/A       75%         3
 Freezing Cloud           Conj/Ice/Air   0%         6-21      100%        5


Dungeon Overview and Level Annotations

Branches:
Dungeon (3/15)

Altars:
Makhleb

Annotations:
D:2 Crazy Yiuf
D:3 Sigmund


Innate Abilities, Weirdness & Mutations

You can wield a second weapon in your off-hand.
It takes a long time for you to wield or remove held weapons.
Your first few attacks do less damage.
You cannot equip rings or amulets.


Message History

Your +0 robe unmelds from your body.
HP restored.
Key pressed, stopping explore.
No target in view!
You open the door.
Throw: dart (curare)
Press: ? - help, Q - select action, (/) - cycle Shift-Dir - straight line, f - Crazy Yiuf
Aim: Crazy Yiuf, wielding a +4 quarterstaff of chaos and wearing a +0 cloak (wandering, hasn't noticed you, 63% to hit)
You throw a curare-tipped dart.
The curare-tipped dart closely misses Crazy Yiuf.
Crazy Yiuf shouts!
Unknown command.
You hit Crazy Yiuf with your +2 dagger.
Crazy Yiuf is lightly wounded.
You barely miss Crazy Yiuf with your +0 dagger.
Crazy Yiuf misses you.
You hit Crazy Yiuf but do no damage.
Crazy Yiuf is lightly wounded.
You hit Crazy Yiuf with your +2 dagger. You hit Crazy Yiuf with your +0 dagger.
Crazy Yiuf is moderately wounded.
You hit Crazy Yiuf with your +2 dagger.
Crazy Yiuf hits you with a +4 quarterstaff of chaos!
You hit Crazy Yiuf with your +0 dagger.
Crazy Yiuf is heavily wounded.
You hit Crazy Yiuf with your +2 dagger. Crazy Yiuf misses you.
You barely miss Crazy Yiuf with your +2 dagger.
Crazy Yiuf is heavily wounded.
You hit Crazy Yiuf with your +0 dagger.
Crazy Yiuf hits you with a +4 quarterstaff of chaos!
You hit Crazy Yiuf but do no damage.
Crazy Yiuf is severely wounded.
You hit Crazy Yiuf with your +0 dagger. Crazy Yiuf closely misses you.
You hit Crazy Yiuf with your +0 dagger.
Crazy Yiuf is almost dead.
You hit Crazy Yiuf with your +2 dagger.
Crazy Yiuf hits you with a +4 quarterstaff of chaos!
* * * LOW HITPOINT WARNING * * *
Crazy Yiuf freezes you.
You die...

#....######.#
#....# #.# ##
#....# #.##
###. ##...#
###..###...
##.##
##........##
##.#
#......####
#.##
#....#.#####
##.#
#..........#
#@##
#....#.###..
#g# ######.#
### ... #.##
#...# #..#
#).รท#
##.#### #####
#..... #.....
#..... #.....


You could see Crazy Yiuf.

Vanquished Creatures
  Terence (D:3)
  An orc wizard (D:3)
  2 gnolls (D:3)
  4 adders
  2 orcs (D:3)
  3 endoplasms (D:2)
  A giant cockroach (D:3)
  3 hobgoblins
  A ball python (D:2)
  2 bats
  2 kobolds
  3 rats (D:2)
25 creatures vanquished.

Notes
Turn   | Place    | Note
-------+----------+-------------------------------------------
     0 | D:1      | dialectric the Coglin Brigand began the quest for the Orb.
     0 | D:1      | Reached XP level 1. HP: 16/16 MP: 1/1
    53 | D:1      | You fall into a shaft and drop 1 floor!
    53 | D:2      | Found a burning altar of Makhleb.
   130 | D:2      | Reached skill level 1 in Dodging
   143 | D:2      | Reached XP level 2. HP: 22/22 MP: 2/2
   186 | D:2      | Reached XP level 3. HP: 27/27 MP: 3/3
   372 | D:2      | Found a runed translucent door.
   373 | D:2      | Noticed Crazy Yiuf
   786 | D:3      | Noticed Terence
   807 | D:3      | Killed Terence
   808 | D:3      | Reached XP level 4. HP: 4/34 MP: 4/4
  1202 | D:3      | Noticed Sigmund
  1207 | D:3      | Reached skill level 4 in Stealth
  1313 | D:3      | Reached XP level 5. HP: 39/39 MP: 5/5
  1414 | D:2      | Slain by Crazy Yiuf

Illustrated notes

Levels and vault maps discovered:
D:1:      eino_arrival_cavern_e, layout_rooms, serial_shops, shop,
          shapermc_ecumenical_altar_acropolis, minmay_ruptured
D:2:      layout_rooms, basic_altar, uniq_crazy_yiuf_cottage
D:3:      layout_loops_ring, roderic_roman_lattice, feat_on_display,
          uniq_terence, uniq_sigmund

Skill      XL: |  1  2  3  4 |
---------------+-------------+-----
Dodging        | 1 2 |  2.5
Short Blades   | 2 |  2.3
Throwing       | 2 |  2.0
Stealth        | 4 |  4.0
Fighting       | |  2.6

Action                     |  1- 3 |  4- 6 || total
---------------------------+-------+-------++-------
  Melee: Dagger            |    54 |    75 ||   129
  Throw: Dart              |     3 |     3 ||     6
    Use: Potion            |       |     1 ||     1
   Stab: Sleeping          |     4 |     2 ||     6
 Armour: Robe              |    15 |    22 ||    37
         Skin              |       |    34 ||    34
  Dodge: Dodged            |    20 |    14 ||    34

Table legend: (Time is in decaauts)
 A = Elapsed time spent in this place.
 B = Non-inter-level travel time spent in this place.
 C = Inter-level travel time spent in this place.
 D = Time resting spent in this place.
 E = Time spent auto-exploring this place.
 F = Levels seen in this place.
 G = Mean time per level.
                   A        B        C        D        E       F      G
               +--------+--------+--------+--------+--------+-----+--------+
         Total |   1395 |   1358 |     37 |     19 |   1074 |   3 |  465.0 |
       Dungeon |   1395 |   1358 |     37 |     19 |   1074 |   3 |  465.0 |
               +--------+--------+--------+--------+--------+-----+--------+

Top non-repeatable levels by time:
     D:2: 758 daAuts
     D:3: 583 daAuts
     D:1: 53 daAuts
